 Dungeon Crawl Stone Soup version 0.18.1-8-gdd0e5ea (webtiles) character file.

70 mistymad the Ruffian (level 4, -2/39 HPs)
             Began as a Naga Transmuter on May 22, 2016.
             Slain by Grinder (8 damage)
             ... on level 3 of the Dungeon.
             The game lasted 00:10:07 (2307 turns).

mistymad the Ruffian (Naga Transmuter)              Turns: 2307, Time: 00:10:07

Health: -2/39      AC:  2    Str: 13    XL:     4   Next: 21%
Magic:  2/8        EV: 10    Int: 14    God:
Gold:   67         SH:  0    Dex: 11    Spells: 3 memorised, 2 levels left

rFire  . . .     SeeInvis +       - Unarmed
rCold  . . .     Gourm    .     b - +0 robe
rNeg   . . .     Faith    .     (no shield)
rPois  +         Spirit   .     (no helmet)
rElec  .         Dismiss  .     (no cloak)
rCorr  .         Reflect  .     (no gloves)
SustAt .         Harm     .     (no barding)
MR     .....                    (no amulet)
Stlth  +.........               (no ring)
                                (no ring)

@: very slow, not resistant to hostile enchantments, very unstealthy
A: see invisible, deformed body, poison resistance, slowness 2, slow metabolism
1, spit poison 2, AC +1
a: Spit Poison


You were on level 3 of the Dungeon.
You were hungry.

You visited 1 branch of the dungeon, and saw 3 of its levels.

You collected 67 gold pieces.

Inventory:

Missiles
 a - 21 arrows
Armour
 b - a +0 robe (worn)
Jewellery
 h - an uncursed ring of flight {unknown}
Scrolls
 g - a scroll of identify {unknown}
 m - a scroll of remove curse {unknown}
 p - a scroll of fog {unknown}
Potions
 e - 2 potions of curing {unknown}
 i - a potion of flight {unknown}
 j - a potion of cancellation {unknown}
 k - a potion of brilliance {unknown}
 n - a potion of degeneration {unknown}
 o - a potion of mutation {unknown}
Books
 c - a book of Changes

   Spells                             Type                      Level
   a - Beastly Appendage              Transmutation                1
   b - Sticks to Snakes               Transmutation                2
   c - Spider Form                    Transmutation/Poison         3
   d - Ice Form                       Ice/Transmutation            4
   e - Blade Hands                    Transmutation                5
Comestibles
 d - 2 bread rations
 f - 2 royal jellies
 l - a chunk of flesh


   Skills:
 + Level 1.8 Fighting
 + Level 1.9 Dodging
 + Level 3.3 Unarmed Combat
 + Level 2.7 Spellcasting
 + Level 2.6 Transmutations


You had 2 spell levels left.
You knew the following spells:

 Your Spells              Type           Power        Failure   Level  Hunger
a - Beastly Appendage     Trmt           #.....       10%         1    #......
b - Sticks to Snakes      Trmt           #.......     14%         2    ###....
c - Spider Form           Trmt/Pois      #.........   38%         3    ###....


Dungeon Overview and Level Annotations

Branches:
Dungeon (3/15)

Altars:
Elyvilon
Pakellas
Xom

Annotations:
D:3 Grinder


Innate Abilities, Weirdness & Mutations

You cannot wear boots.
Your serpentine skin is tough (AC +1).
You have supernaturally acute eyesight.
Armour fits poorly on your strangely shaped body.
Your system is resistant to poisons.
You cover ground very slowly.
You have a slow metabolism.
You can spit poison.


Message History

Grinder gestures at you. Pain shoots through your body!
Your ball python bites the goblin.
Your ball python misses the goblin.
Casting: Sticks to Snakes
Confirm with . or Enter, or press ? or * to list all spells.
You create a snake!
You now have 21 arrows.
The goblin completely misses you.
Your ball python closely misses the goblin.
Your ball python barely misses the goblin.
Grinder hits you.
You writhe in agony.
Your ball python bites the goblin.
Your ball python closely misses the goblin.
Something hits your ball python. The dart slug launches a dart at you.
The slug dart hits you!
* * * LOW HITPOINT WARNING * * *
You hit Grinder.
Grinder is lightly wounded.
The giant newt bites your ball python.
Your ball python bites the goblin.
The goblin dies!
Grinder hits you!
You die...

#.$.# .# #...#
###..... .. #....
...... .
#...####.#. . .#
....(..#. .#
........#..#
....l...#..#.#
.....SS.wS...#
#@# #5# #.# #.#
...#####.##.##..
................
###.####.###.....
.# .. ..##.# ##.#
.. . #.##.#


You could see Grinder, a dart slug, a giant newt and 3 friendly ball pythons.

Vanquished Creatures
  An adder (D:2)
  A worm (D:2)
  A giant gecko (D:1)
  A ball python (D:2)
  3 giant cockroaches
  9 goblins
  7 hobgoblins
  3 jackals (D:1)
  10 bats
  4 giant newts
  6 kobolds
  8 rats
54 creatures vanquished.

Vanquished Creatures (collateral kills)
  A goblin (D:3)
1 creature vanquished.

Grand Total: 55 creatures vanquished

Notes
Turn   | Place    | Note
--------------------------------------------------------------
     0 | D:1      | mistymad the Naga Transmuter began the quest for the Orb.
     0 | D:1      | Reached XP level 1. HP: 18/18 MP: 3/3
   382 | D:1      | Reached XP level 2. HP: 25/25 MP: 5/5
  1034 | D:1      | Reached XP level 3. HP: 31/31 MP: 6/6
  1352 | D:2      | Found a shimmering altar of Xom.
  1373 | D:2      | Found a white marble altar of Elyvilon.
  1622 | D:2      | Learned a level 2 spell: Sticks to Snakes
  1626 | D:2      | Learned a level 3 spell: Spider Form
  1826 | D:2      | Reached XP level 4. HP: 39/39 MP: 8/8
  2021 | D:2      | Found an oddly glowing altar of Pakellas.
  2261 | D:3      | Noticed Grinder
  2263 | D:3      | Paralysed by Grinder for 5 turns
  2307 | D:3      | Slain by Grinder

Action                   |  1- 3 |  4- 6 || total
-------------------------+-------+-------++-------
Melee: Unarmed           |    69 |    11 ||    80
       Headbutt          |     5 |       ||     5
 Cast: Beastly Appendage |     8 |     1 ||     9
       Sticks to Snakes  |       |     5 ||     5
 Abil: Spit Poison       |    46 |     9 ||    55
  Eat: Chunk             |     5 |     1 ||     6
Armor: Robe              |    19 |    10 ||    29
Dodge: Dodged            |    66 |    18 ||    84
